Map: Pogranicze ER

Players

Losira - Winner!

  • Race: Zerg Zerg
  • Spawn Location: 5:00

Gerald

  • Race: Protoss Protoss
  • Spawn Location: 11:00

Event: IEM Season 12 - Katowice

VOD

Have the link to the VOD?

Description

Time

  • Played on: Feb. 27, 2018, 10:41 a.m.
  • Length: 5:30

All games in this series

Show
View Real Time Build Order
Export as new Build Order

Losira Zerg - Winner!

Build Orders: Hatch First 

Get SALT Encoding   

  12  0:00  Drone  
  13  0:13  Overlord  
  13  0:17  Drone  
  14  0:31  Drone  
  14  0:32  Drone  
  14  0:35  Drone  
  17  0:51  Hatchery  
  17  0:54  Drone  
  17  0:57  Drone  
  17  1:03  Extractor  
  17  1:14  Spawning Pool  
  17  1:17  Drone  
  17  1:20  Drone  
  18  1:30  Drone  
  19  1:40  Overlord  
  19  2:02  Queen  
  19  2:03  Queen, Zergling x4  
  19  2:04  Metabolic Boost  
  19  2:08  Zergling x2  
  26  2:11  Zergling x2  
  26  2:14  Zergling x2  
  28  2:22  Zergling x2  
  29  2:28  Zergling x2  
  30  2:32  Zergling x2  
  30  2:34  Evolution Chamber  
  30  2:35  Zergling x2  
  31  2:45  Zergling x2  
  31  2:50  Zergling x2  
  33  2:55  Overlord  
  33  2:57  Zergling x2  
  33  3:06  Zergling x2  
  33  3:08  Zergling x2  
  33  3:12  Zergling x2  
  36  3:14  Zergling x2  
  36  3:15  Zergling x4  
  36  3:16  Zergling x4  
  41  3:20  Zergling x2  
  41  3:22  Zergling x2  
  41  3:31  Zergling x2  
  41  3:32  Zergling x2  
  43  3:42  Overlord  
  43  3:45  Overlord  
  43  3:50  Overlord  
  40  4:00  Zergling x10  
  44  4:03  Zergling x2  
  44  4:09  Zergling x2  
  44  4:11  Zergling x2  
  44  4:12  Zergling x2  
  44  4:18  Zergling x2  
  44  4:20  Zergling x2  
  44  4:21  Zergling x2  
  45  4:24  Zergling x2  
  45  4:27  Zergling x2  
  45  4:30  Zergling x2  
  47  4:38  Zergling x4  
  46  4:39  Zergling x2  
  46  4:43  Zergling x2  
  44  4:46  Zergling x2  
  44  4:49  Zergling x2  
  46  4:53  Zergling x2  
  46  4:55  Zergling x2  
  47  5:00  Zergling x2  
  47  5:02  Zergling x2  
  47  5:05  Zergling x2  
  48  5:07  Zergling x2  
  48  5:09  Zergling x2  
  48  5:12  Zergling x2  
Show
View Real Time Build Order
Export as new Build Order

Gerald Protoss 

Build Orders: 1 Gate Expand, Oracle Opening, Phoenix Opening 

Get SALT Encoding   

  12  0:00  Probe  
  13  0:13  Probe  
  14  0:20  Pylon  
  14  0:25  Probe  
  15  0:37  Assimilator  
  15  0:38  Probe (Chrono Boost)  
  16  0:44  Gateway  
  16  0:49  Probe (Chrono Boost)  
  17  0:54  Probe (Chrono Boost)  
  18  1:05  Probe  
  19  1:17  Probe  
  20  1:27  Nexus  
  20  1:34  Probe  
  21  1:40  Cybernetics Core  
  21  1:46  Probe  
  22  1:50  Assimilator  
  22  1:55  Pylon  
  22  1:58  Probe  
  23  2:13  Probe  
  23  2:14  Adept (Chrono Boost)  
  26  2:23  Stargate  
  26  2:26  Probe  
  27  2:33  Adept (Chrono Boost)  
  29  2:38  Probe  
  29  2:40  Probe  
  30  2:50  Probe  
  31  2:52  Probe  
  32  3:02  Probe  
  32  3:03  Gateway  
  32  3:05  Probe  
  34  3:06  Adept  
  34  3:12  Phoenix (Chrono Boost)  
  38  3:14  Probe  
  38  3:17  Probe  
  40  3:22  Shield Battery  
  39  3:28  Pylon  
  41  3:35  Probe  
  41  3:36  Probe  
  43  3:47  Adept, Probe  
  43  3:48  Probe  
  47  3:53  Oracle (Chrono Boost)  
  47  3:54  Pylon  
  47  4:10  Gateway  
  47  4:11  Pylon  
  45  4:24  Oracle (Chrono Boost)  
  45  4:29  Gateway  
  44  4:34  Probe  
  44  4:37  Probe  
  41  4:46  Probe, Gateway  
  41  4:49  Probe  
  33  5:00  Probe  
  34  5:12  Probe  
  34  5:13  Probe  

Tags
 
Add a new tag
Caveats
  • Supply blocks, unpowered buildings, or Contaminate may cause inaccurate times.
  • Supply counts are checked every 10 seconds.